Wild vs Jets
(R1)
Created - 6 mai 2013 at 20:26
Goals
|
| Wild |
3 |
4 |
1 |
8 |
| Jets |
1 |
2 |
2 |
5 |
|
Shots
|
| Wild |
12 |
12 |
11 |
35 |
| Jets |
11 |
6 |
15 |
32 |
|
1st period
1. Wild , Vaclav Prospal 20 (Jozef Stumpel, Bret Hedican) at 7:37
2. Wild , Mark Recchi 48 (Chris Drury, R.J. Umberger) at 8:17 (PP)
3. Wild , Chris Drury 42 (Jozef Stumpel) at 8:57 (PP)
4. Jets , Jason Allison 38 (Shane Doan, Dmitri Kalinin) at 13:27 (PP)
Penalties :
Bryce Salvador (Win) for Unsportsmanlike conduct (Major / Game Misconduct) at 6:03, R.J. Umberger (Min) for Roughing (Minor) at 6:03, Nathan Dempsey (Min) for High sticking (Minor) at 13:07
2nd period
5. Wild , Stéphane Yelle 5 (Brian Rolston, Bret Hedican) at 10:51
6. Jets , Dmitri Kalinin 7 (Jason Allison) at 10:55
7. Wild , Chris Higgins 13 (Bret Hedican, Mike Ricci) at 11:52
8. Wild , Mark Recchi 49 (Chris Drury) at 14:20 (PP)
9. Wild , Jozef Stumpel 34 (Vaclav Prospal) at 16:04 (SH)
10. Jets , Adam Burish 15 (Jason Arnott) at 18:33 (PP)
Penalties :
Jeff Schultz (Win) for Holding (Minor) at 3:45, Pavel Kubina (Win) for Roughing (Minor) at 8:12, Jason Allison (Win) for Hooking (Minor) at 11:59, Mark Recchi (Min) for Slashing (Minor) at 11:59, Dmitri Kalinin (Win) for Hooking (Minor) at 14:16, Niklas Kronwall (Win) for Fighting (Major) at 14:25, Fedor Tyutin (Min) for Fighting (Major) at 14:25, Fedor Tyutin (Min) for instigated a fight (Minor) at 14:25, Fedor Tyutin (Min) for instigated a fight (10 Minutes Misconduct) at 14:25, Mike Ricci (Min) for Holding (Minor) at 17:57
3rd period
11. Jets , Shane Doan 36 (Benoit Pouliot, Jason Allison) at 3:21
12. Jets , Jason Allison 39 (Jeff Schultz) at 6:33 (SH)
13. Wild , Jozef Stumpel 35 (Chris Drury) at 13:59
Penalties :
Shane Doan (Win) for Tripping (Minor) at 4:54, Keith Tkachuk (Win) for Holding Stick (Minor) at 5:29, Stéphane Yelle (Min) for Interference (Minor) at 9:50, Kyle Wellwood (Win) for Interference (Minor) at 15:07
Goalie Stats
Jamie Storr (Min), 27 saves from 32 shots - (0,844), W, 5-2-2, 60:00 minutes
Ilya Bryzgalov (Win), 12 saves from 16 shots - (0,750), L, 6-10-4, 29:09 minutes
Maxime Daigneault (Win), 15 saves from 19 shots - (0,789), 30:51 minutes
Players Stats for Wild
Player Name G A P +/- PIM S H SB GA TA FO MP PP MP PK MP
------------------------------------------------------------------------------------
Adam Deadmarsh 0 0 0 1 0 0 1 0 0 0 0/0 10:43 0:00 0:52
Anson Carter 0 0 0 -1 0 4 0 0 1 1 0/0 15:37 4:49 0:00
Bret Hedican 0 3 3 2 0 1 3 1 2 0 0/0 21:37 4:41 1:43
Brian Rolston 0 1 1 1 0 2 2 0 0 0 0/0 6:30 0:00 0:00
Chris Drury 1 3 4 -1 0 6 2 0 0 0 18/36 25:15 6:46 3:07
Chris Higgins 1 0 1 1 0 2 1 0 0 0 0/0 9:41 0:00 0:32
Danil Markov 0 0 0 3 0 1 1 3 0 2 0/0 21:04 4:41 1:29
Fedor Tyutin 0 0 0 -1 17 0 1 2 0 0 0/0 23:35 6:54 1:25
Jozef Stumpel 2 2 4 1 0 3 3 0 0 0 3/5 21:33 6:19 1:01
Mark Recchi 2 0 2 -1 2 5 0 0 0 0 7/10 23:52 6:34 3:15
Mike Ricci 0 1 1 1 2 1 0 0 0 0 3/6 10:05 0:12 0:00
Nathan Dempsey 0 0 0 -1 2 1 3 2 0 1 0/0 29:36 6:54 3:05
R.J. Umberger 0 1 1 -1 2 3 0 0 0 0 1/1 15:51 5:04 0:00
Rod Brind'Amour 0 0 0 1 0 2 0 0 1 0 2/4 7:34 0:12 0:00
Shane Hnidy 0 0 0 1 0 0 1 0 0 0 0/0 12:28 0:00 0:03
Stéphane Yelle 1 0 1 1 2 1 0 0 0 0 0/0 6:39 0:00 0:00
Vaclav Prospal 1 1 2 1 0 3 3 0 1 0 4/9 17:44 4:49 1:01
Willie Mitchell 0 0 0 0 0 0 0 0 0 0 0/0 11:38 0:00 2:03
Players Stats for Jets
Player Name G A P +/- PIM S H SB GA TA FO MP PP MP PK MP
------------------------------------------------------------------------------------
Adam Burish 1 0 1 -2 0 2 2 0 0 0 0/1 17:52 1:52 5:53
Benoit Pouliot 0 1 1 0 0 1 1 0 0 0 0/0 20:30 3:02 1:10
Bryce Salvador 0 0 0 0 15 0 0 0 0 0 0/0 1:57 0:00 0:00
Colin White 0 0 0 -3 0 3 0 1 0 1 0/0 29:49 1:51 7:02
David Vyborny 0 0 0 -1 0 1 0 0 0 0 0/0 8:20 0:00 0:28
Dmitri Kalinin 1 1 2 -1 2 2 2 1 1 0 0/0 31:42 3:34 7:49
Fredrik Sjostrom 0 0 0 -1 0 3 0 0 1 1 0/0 7:51 0:00 0:00
Jason Allison 2 2 4 2 2 5 1 0 0 0 13/33 18:34 3:02 0:52
Jason Arnott 0 1 1 -3 0 3 0 1 0 1 11/22 19:04 1:52 5:52
Jeff Schultz 0 1 1 1 2 3 2 2 0 1 0/0 24:53 1:20 3:23
Jussi Jokinen 0 0 0 0 0 0 0 0 0 0 1/2 8:37 0:00 0:00
Keith Tkachuk 0 0 0 -2 2 3 1 0 0 0 0/0 16:07 1:52 3:00
Kyle Wellwood 0 0 0 0 2 0 1 0 0 0 2/5 9:19 0:00 1:56
Martin Erat 0 0 0 0 0 0 0 0 0 0 0/0 7:21 0:00 0:00
Niklas Kronwall 0 0 0 -1 5 0 1 0 0 0 0/0 14:03 1:43 3:25
Pavel Kubina 0 0 0 0 2 1 0 0 1 1 0/0 16:37 1:20 0:56
Shane Doan 1 1 2 1 2 3 2 0 1 0 0/0 18:57 3:02 0:06
Tuomo Ruutu 0 0 0 -1 0 2 1 0 0 0 6/8 11:21 0:00 3:03
3 Stars
1 - Jozef Stumpel (Min)
2 - Jason Allison (Win)
3 - Chris Drury (Min)
Power Play
Wild - 3 on 6 Attempt(s) - 50,00%
Jets - 2 on 4 Attempt(s) - 50,00%
Penalty Kill
Wild - 2 on 4 Attempt(s) - 50,00%
- Score 1 goal in Penalty Kill
Jets - 3 on 6 Attempt(s) - 50,00%
- Score 1 goal in Penalty Kill
Official
Referees : StPierre Justin and Charron Francis
Linesman : David Brisebois and Ryan Galloway
Game Notes
Bryce Salvador ejected from game at 6:03 of 1st period
Ilya Bryzgalov enters game at 10:51 of 2nd period
Niklas Kronwall and Fedor Tyutin fight to a draw at 14:25 of 2nd period
Finance
Level 1 -- Attendance: 5510 (91,83%) -- Ticket Income 457 330 $
Level 2 -- Attendance: 4336 (86,72%) -- Ticket Income 216 800 $
Level 3 -- Attendance: 1836 (91,80%) -- Ticket Income 47 736 $
Level 4 -- Attendance: 3736 (93,40%) -- Ticket Income 67 248 $
Luxury Box -- Attendance: 990 (99,00%) -- Ticket Income 168 300 $
Game was played at the MTS Center
Total Attendance: 16408 (91,16%)
Total Ticket Income: 957 414 $
Other Income: 47 871 $
Total Income: 1 005 285 $
Wild
5 vs 5 Forward
Center Left Wing Right Wing Time % Phy DF OF
1 Chris Drury Jozef Stumpel Mark Recchi 40 1 2 2
2 Vaclav Prospal R.J. Umberger Anson Carter 30 1 2 2
3 Mike Ricci Chris Higgins Adam Deadmarsh 20 1 2 2
4 Rod Brind'Amour Stéphane Yelle Brian Rolston 10 1 2 2
5 vs 5 Defense
Defense Defense Time % Phy DF OF
1 Nathan Dempsey Fedor Tyutin 40 1 2 2
2 Bret Hedican Danil Markov 30 1 2 2
3 Shane Hnidy Willie Mitchell 20 1 2 2
4 Nathan Dempsey Fedor Tyutin 10 1 2 2
PowerPlay Forward
Center Left Wing Right Wing Time % Phy DF OF
1 Chris Drury Jozef Stumpel Mark Recchi 60 1 2 2
2 Vaclav Prospal R.J. Umberger Anson Carter 40 1 2 2
PowerPlay Defense
Defense Defense Time % Phy DF OF
1 Nathan Dempsey Fedor Tyutin 60 1 2 2
2 Bret Hedican Danil Markov 40 1 2 2
Penalty Kill 4 Players Forward
Center Wing Time % Phy DF OF
1 Mark Recchi Chris Drury 60 1 2 2
2 Jozef Stumpel Vaclav Prospal 40 1 2 2
Penalty Kill 4 Players Defense
Defense Defense Time % Phy DF OF
1 Nathan Dempsey Fedor Tyutin 60 1 2 2
2 Bret Hedican Danil Markov 40 1 2 2
Penalty Kill - 3 Players Forward
Forward Time % Phy DF OF
1 Mark Recchi 60 1 2 2
2 Chris Drury 40 1 2 2
Penalty Kill - 3 Players Defense
Defense Defense Time % Phy DF OF
1 Nathan Dempsey Fedor Tyutin 60 1 2 2
2 Bret Hedican Danil Markov 40 1 2 2
4 vs 4 Forward
Center Wing Time % Phy DF OF
1 Mark Recchi Chris Drury 60 1 2 2
2 Jozef Stumpel Vaclav Prospal 40 1 2 2
4 vs 4 Defense
Defense Defense Time % Phy DF OF
1 Nathan Dempsey Fedor Tyutin 60 1 2 2
2 Bret Hedican Danil Markov 40 1 2 2
Last Minutes Offensive
Center Left Wing Right Wing Defense Defense
Chris Drury Jozef Stumpel Mark Recchi Nathan Dempsey Fedor Tyutin
Last Minutes Defensive
Center Left Wing Right Wing Defense Defense
Chris Drury Jozef Stumpel Mark Recchi Nathan Dempsey Fedor Tyutin
Goaltenders
Starting : Jamie Storr
Backup : Martin Brodeur
Extra Forwards
Normal : Mike Ricci, Rod Brind'Amour, Adam Deadmarsh - PP : Mike Ricci, Rod Brind'Amour - PK : Adam Deadmarsh
Extra Defensemen
Normal : Shane Hnidy, Willie Mitchell, Bret Hedican - PP : Shane Hnidy - PK : Willie Mitchell, Bret Hedican
Penalty Shots
Mark Recchi, Chris Drury, Jozef Stumpel, Vaclav Prospal, Mike Ricci
Jets
5 vs 5 Forward
Center Left Wing Right Wing Time % Phy DF OF
1 Jason Allison Benoit Pouliot Shane Doan 36 1 2 2
2 Jason Arnott Keith Tkachuk Adam Burish 30 1 1 3
3 Kyle Wellwood Jussi Jokinen Martin Erat 23 1 1 3
4 Tuomo Ruutu Fredrik Sjostrom David Vyborny 11 1 2 2
5 vs 5 Defense
Defense Defense Time % Phy DF OF
1 Bryce Salvador Dmitri Kalinin 40 2 2 1
2 Pavel Kubina Jeff Schultz 30 2 2 1
3 Colin White Niklas Kronwall 20 1 2 2
4 Jeff Schultz Dmitri Kalinin 10 2 2 1
PowerPlay Forward
Center Left Wing Right Wing Time % Phy DF OF
1 Jason Allison Benoit Pouliot Shane Doan 60 1 0 4
2 Jason Arnott Keith Tkachuk Adam Burish 40 1 0 4
PowerPlay Defense
Defense Defense Time % Phy DF OF
1 Dmitri Kalinin Niklas Kronwall 60 0 1 4
2 Pavel Kubina Jeff Schultz 40 0 2 3
Penalty Kill 4 Players Forward
Center Wing Time % Phy DF OF
1 Jason Arnott Adam Burish 60 0 4 1
2 Tuomo Ruutu Keith Tkachuk 40 0 4 1
Penalty Kill 4 Players Defense
Defense Defense Time % Phy DF OF
1 Dmitri Kalinin Bryce Salvador 60 1 4 0
2 Colin White Jeff Schultz 40 1 4 0
Penalty Kill - 3 Players Forward
Forward Time % Phy DF OF
1 Keith Tkachuk 60 0 4 1
2 Jason Arnott 40 0 4 1
Penalty Kill - 3 Players Defense
Defense Defense Time % Phy DF OF
1 Dmitri Kalinin Bryce Salvador 60 1 2 2
2 Colin White Jeff Schultz 40 1 2 2
4 vs 4 Forward
Center Wing Time % Phy DF OF
1 Jason Allison Shane Doan 60 1 2 2
2 Jason Arnott Benoit Pouliot 40 1 2 2
4 vs 4 Defense
Defense Defense Time % Phy DF OF
1 Dmitri Kalinin Jeff Schultz 60 1 2 2
2 Niklas Kronwall Bryce Salvador 40 1 2 2
Last Minutes Offensive
Center Left Wing Right Wing Defense Defense
Jason Allison Benoit Pouliot Shane Doan Pavel Kubina Dmitri Kalinin
Last Minutes Defensive
Center Left Wing Right Wing Defense Defense
Jason Arnott Adam Burish Keith Tkachuk Bryce Salvador Dmitri Kalinin
Goaltenders
Starting : Maxime Daigneault
Backup : Ilya Bryzgalov
Extra Forwards
Normal : Jussi Jokinen, Benoit Pouliot, Keith Tkachuk - PP : Shane Doan, Benoit Pouliot - PK : Kyle Wellwood
Extra Defensemen
Normal : Colin White, Jeff Schultz, Dmitri Kalinin - PP : Niklas Kronwall - PK : Bryce Salvador, Dmitri Kalinin
Penalty Shots
Jason Arnott, Benoit Pouliot, Keith Tkachuk, Shane Doan, Jason Allison
% Time on Ice - Wild
Lines # - Real PCT - Wanted PCT - Time Play
Normal Forward
1 - 34% - 40% - 13:23
2 - 27% - 30% - 10:48
3 - 22% - 20% - 8:52
4 - 16% - 10% - 6:30
Normal Defense
1 - 41% - 40% - 16:24
2 - 33% - 30% - 13:01
3 - 22% - 20% - 8:40
4 - 4% - 10% - 1:28
PP Forward
1 - 58% - 60% - 6:46
2 - 42% - 40% - 4:49
PP Defense
1 - 60% - 60% - 6:54
2 - 40% - 40% - 4:41
PK Forward
1 - 79% - 60% - 3:53
2 - 21% - 40% - 1:01
PK Defense
1 - 72% - 60% - 3:33
2 - 28% - 40% - 1:21
PK3 Forward
1 - 0% - 60%
2 - 0% - 40%
PK3 Defense
1 - 0% - 60%
2 - 0% - 40%
44 Forward
1 - 72% - 60% - 2:52
2 - 28% - 40% - 1:06
44 Defense
1 - 53% - 60% - 2:05
2 - 47% - 40% - 1:53
Last Minute Offensive - 0:00
Last Minute Defensive - 0:00
Total
Forward - 60:00
Defense - 60:00
|
% Time on Ice - Jets
Lines # - Real PCT - Wanted PCT - Time Play
Normal Forward
1 - 35% - 36% - 13:47
2 - 27% - 30% - 10:34
3 - 19% - 23% - 7:21
4 - 20% - 11% - 7:51
Normal Defense
1 - 45% - 40% - 17:47
2 - 38% - 30% - 15:10
3 - 15% - 20% - 6:01
4 - 1% - 10% - 0:35
PP Forward
1 - 62% - 60% - 3:02
2 - 38% - 40% - 1:52
PP Defense
1 - 73% - 60% - 3:34
2 - 27% - 40% - 1:20
PK Forward
1 - 70% - 60% - 7:08
2 - 30% - 40% - 3:03
PK Defense
1 - 89% - 60% - 9:01
2 - 11% - 40% - 1:10
PK3 Forward
1 - 100% - 60% - 1:24
2 - 0% - 40% - 0:00
PK3 Defense
1 - 100% - 60% - 1:24
2 - 0% - 40% - 0:00
44 Forward
1 - 73% - 60% - 2:53
2 - 27% - 40% - 1:05
44 Defense
1 - 54% - 60% - 2:09
2 - 46% - 40% - 1:49
Last Minute Offensive - 0:00
Last Minute Defensive - 0:00
Total
Forward - 60:00
Defense - 60:00
|
Play by Play
1st period
0:01 of 1st period - Jason Allison wins face-off versus Chris Drury in neutral zone.
0:26 of 1st period - Dmitri Kalinin is hit by Vaclav Prospal and loses puck.
0:37 of 1st period - Slapshot by Anson Carter.
0:37 of 1st period - Stopped by Maxime Daigneault with a rebound.
0:51 of 1st period - Slapshot by Kyle Wellwood.
0:51 of 1st period - Shot Misses the Net.
1:09 of 1st period - Wrist shot by Bret Hedican.
1:09 of 1st period - Stopped by Maxime Daigneault without a rebound.
1:10 of 1st period - Rod Brind'Amour wins face-off versus Tuomo Ruutu in Jets zone.
1:42 of 1st period - Slapshot by Chris Drury.
1:42 of 1st period - Shot Misses the Net.
2:05 of 1st period - Snap shot by Jason Arnott.
2:05 of 1st period - Shot Misses the Net.
3:04 of 1st period - Snap shot by David Vyborny.
3:04 of 1st period - Stopped by Jamie Storr with a rebound.
3:47 of 1st period - Slapshot by Keith Tkachuk.
3:47 of 1st period - Stopped by Jamie Storr with a rebound.
4:22 of 1st period - Colin White is hit by Brian Rolston.
4:41 of 1st period - Colin White is hit by Bret Hedican and loses puck.
4:52 of 1st period - Danil Markov is hit by Niklas Kronwall and loses puck.
5:20 of 1st period - Jeff Schultz is hit by Chris Drury and loses puck.
5:55 of 1st period - Stéphane Yelle is hit by Jeff Schultz and loses puck.
6:03 of 1st period - Major / Game Misconduct Penalty to Bryce Salvador for Unsportsmanlike conduct.
6:03 of 1st period - Bryce Salvador is ejected from game.
6:03 of 1st period - Minor Penalty to R.J. Umberger for Roughing.
6:04 of 1st period - Mark Recchi wins face-off versus Jason Allison in Jets zone.
6:41 of 1st period - Snap shot by Jozef Stumpel.
6:41 of 1st period - Stopped by Maxime Daigneault without a rebound.
6:42 of 1st period - Jason Arnott wins face-off versus Jozef Stumpel in Jets zone.
7:01 of 1st period - Wrist shot by Jason Arnott.
7:01 of 1st period - Shot Blocked by Bret Hedican.
7:37 of 1st period - Snap shot by Vaclav Prospal.
7:37 of 1st period - Goal by Vaclav Prospal - Wild : 1 - Jets : 0.
7:38 of 1st period - Mark Recchi wins face-off versus Jason Allison in neutral zone.
7:43 of 1st period - Snap shot by Chris Drury.
7:43 of 1st period - Shot Misses the Net.
8:03 of 1st period - Penalty to R.J. Umberger is over, R.J. Umberger is back on ice.
8:17 of 1st period - Snap shot by Chris Drury.
8:17 of 1st period - Deflect By Mark Recchi.
8:17 of 1st period - Goal by Mark Recchi - Wild : 2 - Jets : 0.
8:18 of 1st period - R.J. Umberger wins face-off versus Jason Arnott in neutral zone.
8:25 of 1st period - Snap shot by Jason Arnott.
8:25 of 1st period - Shot Blocked by Fedor Tyutin.
8:27 of 1st period - Snap shot by Adam Burish.
8:27 of 1st period - Stopped by Jamie Storr with a rebound.
8:31 of 1st period - Snap shot by Jason Arnott.
8:31 of 1st period - Stopped by Jamie Storr with a rebound.
8:33 of 1st period - Slapshot by Colin White.
8:33 of 1st period - Stopped by Jamie Storr without a rebound.
8:34 of 1st period - Chris Drury wins face-off versus Jason Arnott in Wild zone.
8:39 of 1st period - Slapshot by Chris Drury.
8:39 of 1st period - Stopped by Maxime Daigneault with a rebound.
8:41 of 1st period - Slapshot by Chris Drury.
8:41 of 1st period - Stopped by Maxime Daigneault without a rebound.
8:42 of 1st period - Chris Drury wins face-off versus Jason Arnott in Jets zone.
8:57 of 1st period - Snap shot by Chris Drury.
8:57 of 1st period - Goal by Chris Drury - Wild : 3 - Jets : 0.
8:58 of 1st period - Jason Arnott wins face-off versus Chris Drury in neutral zone.
9:11 of 1st period - Backhand shot by Jason Arnott.
9:11 of 1st period - Stopped by Jamie Storr without a rebound.
9:12 of 1st period - Jason Arnott wins face-off versus Chris Drury in Wild zone.
9:37 of 1st period - Dmitri Kalinin is hit by Fedor Tyutin and loses puck.
11:03 of 1st period - Penalty to Bryce Salvador is over, Kyle Wellwood is send on ice.
11:30 of 1st period - Willie Mitchell is hit by Kyle Wellwood and loses puck.
11:47 of 1st period - Slapshot by Fredrik Sjostrom.
11:47 of 1st period - Stopped by Jamie Storr without a rebound.
11:48 of 1st period - Tuomo Ruutu wins face-off versus Mike Ricci in Wild zone.
12:38 of 1st period - Snap shot by Vaclav Prospal.
12:38 of 1st period - Shot Misses the Net.
12:40 of 1st period - Wrist shot by Danil Markov.
12:40 of 1st period - Shot Misses the Net.
12:42 of 1st period - Slapshot by Danil Markov.
12:42 of 1st period - Shot Blocked by Jeff Schultz.
12:44 of 1st period - Slapshot by Danil Markov.
12:44 of 1st period - Shot Blocked by Jeff Schultz.
12:46 of 1st period - Snap shot by R.J. Umberger.
12:46 of 1st period - Deflect By Anson Carter.
12:46 of 1st period - Shot Blocked by Jason Arnott.
12:46 of 1st period - Puck is out of play.
12:47 of 1st period - Chris Drury wins face-off versus Jason Allison in Jets zone.
13:07 of 1st period - Minor Penalty to Nathan Dempsey for High sticking.
13:08 of 1st period - Mark Recchi wins face-off versus Jason Allison in Wild zone.
13:17 of 1st period - Slapshot by Dmitri Kalinin.
13:17 of 1st period - Stopped by Jamie Storr without a rebound.
13:18 of 1st period - Mark Recchi wins face-off versus Jason Allison in Wild zone.
13:27 of 1st period - Slapshot by Jason Allison.
13:27 of 1st period - Goal by Jason Allison - Wild : 3 - Jets : 1.
13:28 of 1st period - Jason Allison wins face-off versus Chris Drury in neutral zone.
13:43 of 1st period - Snap shot by Chris Drury.
13:43 of 1st period - Shot Misses the Net.
14:01 of 1st period - Snap shot by Keith Tkachuk.
14:01 of 1st period - Stopped by Jamie Storr without a rebound.
14:02 of 1st period - Jason Arnott wins face-off versus Vaclav Prospal in Wild zone.
14:20 of 1st period - Jason Arnott is hit by Bret Hedican and loses puck.
15:25 of 1st period - Colin White is hit by Nathan Dempsey and loses puck.
15:36 of 1st period - Snap shot by Chris Drury.
15:36 of 1st period - Stopped by Maxime Daigneault with a rebound.
15:38 of 1st period - Slapshot by Jozef Stumpel.
15:38 of 1st period - Shot Blocked by Dmitri Kalinin.
15:40 of 1st period - Slapshot by Chris Drury.
15:40 of 1st period - Stopped by Maxime Daigneault without a rebound.
15:41 of 1st period - Jozef Stumpel wins face-off versus Jason Allison in Jets zone.
16:11 of 1st period - Wrist shot by Tuomo Ruutu.
16:11 of 1st period - Stopped by Jamie Storr without a rebound.
16:12 of 1st period - Tuomo Ruutu wins face-off versus Vaclav Prospal in Wild zone.
16:37 of 1st period - Jeff Schultz is hit by Brian Rolston and loses puck.
17:08 of 1st period - Wrist shot by Tuomo Ruutu.
17:08 of 1st period - Shot Misses the Net.
17:22 of 1st period - Slapshot by Jason Arnott.
17:22 of 1st period - Shot Misses the Net.
17:24 of 1st period - Slapshot by Jeff Schultz.
17:24 of 1st period - Deflect By Jason Arnott.
17:24 of 1st period - Shot Misses the Net.
17:24 of 1st period - Puck is out of play.
17:25 of 1st period - Jason Arnott wins face-off versus Vaclav Prospal in Wild zone.
17:34 of 1st period - Wrist shot by Adam Burish.
17:34 of 1st period - Shot Misses the Net.
17:36 of 1st period - Slapshot by Colin White.
17:36 of 1st period - Shot Misses the Net.
17:38 of 1st period - Snap shot by Jason Arnott.
17:38 of 1st period - Shot Misses the Net.
18:24 of 1st period - Slapshot by R.J. Umberger.
18:24 of 1st period - Stopped by Maxime Daigneault with a rebound.
18:26 of 1st period - Backhand shot by Vaclav Prospal.
18:26 of 1st period - Shot Misses the Net.
18:34 of 1st period - Wrist shot by Anson Carter.
18:34 of 1st period - Stopped by Maxime Daigneault without a rebound.
18:35 of 1st period - Jason Allison wins face-off versus Chris Drury in Jets zone.
19:00 of 1st period - Icing by Bret Hedican.
19:01 of 1st period - Mike Ricci wins face-off versus Kyle Wellwood in Wild zone.
2nd period
0:01 of 2nd period - Jason Allison wins face-off versus Chris Drury in neutral zone.
0:04 of 2nd period - Slapshot by Jason Allison.
0:04 of 2nd period - Stopped by Jamie Storr with a rebound.
1:22 of 2nd period - Fedor Tyutin is hit by Jeff Schultz.
1:42 of 2nd period - Danil Markov is hit by Shane Doan and loses puck.
1:59 of 2nd period - Adam Burish is hit by Vaclav Prospal and loses puck.
2:57 of 2nd period - Snap shot by Rod Brind'Amour.
2:57 of 2nd period - Stopped by Maxime Daigneault without a rebound.
2:58 of 2nd period - Rod Brind'Amour wins face-off versus Jason Allison in Jets zone.
3:13 of 2nd period - Snap shot by Brian Rolston.
3:13 of 2nd period - Stopped by Maxime Daigneault with a rebound.
3:45 of 2nd period - Minor Penalty to Jeff Schultz for Holding.
3:46 of 2nd period - Chris Drury wins face-off versus Jason Arnott in Jets zone.
3:57 of 2nd period - Chris Drury is hit by Adam Burish and loses puck.
4:12 of 2nd period - Pavel Kubina is hit by Bret Hedican and loses puck.
5:29 of 2nd period - Snap shot by Tuomo Ruutu.
5:29 of 2nd period - Stopped by Jamie Storr without a rebound.
5:30 of 2nd period - Tuomo Ruutu wins face-off versus Chris Drury in Wild zone.
5:31 of 2nd period - Snap shot by Keith Tkachuk.
5:31 of 2nd period - Stopped by Jamie Storr without a rebound.
5:32 of 2nd period - Tuomo Ruutu wins face-off versus Jozef Stumpel in Wild zone.
5:33 of 2nd period - Backhand shot by Keith Tkachuk.
5:33 of 2nd period - Shot Misses the Net.
5:43 of 2nd period - Backhand shot by Mark Recchi.
5:43 of 2nd period - Stopped by Maxime Daigneault with a rebound.
5:45 of 2nd period - Penalty to Jeff Schultz is over, Jeff Schultz is back on ice.
5:55 of 2nd period - Slapshot by Brian Rolston.
5:55 of 2nd period - Stopped by Maxime Daigneault with a rebound.
6:41 of 2nd period - Snap shot by Martin Erat.
6:41 of 2nd period - Shot Blocked by Danil Markov.
7:56 of 2nd period - Slapshot by Chris Higgins.
7:56 of 2nd period - Stopped by Maxime Daigneault without a rebound.
7:57 of 2nd period - Jason Arnott wins face-off versus Mike Ricci in Jets zone.
8:09 of 2nd period - Snap shot by Adam Deadmarsh.
8:09 of 2nd period - Shot Misses the Net.
8:11 of 2nd period - Slapshot by Nathan Dempsey.
8:11 of 2nd period - Stopped by Maxime Daigneault without a rebound.
8:12 of 2nd period - Chris Drury wins face-off versus Kyle Wellwood in Jets zone.
8:12 of 2nd period - Minor Penalty to Pavel Kubina for Roughing.
8:13 of 2nd period - Jason Arnott wins face-off versus Chris Drury in Jets zone.
10:12 of 2nd period - Penalty to Pavel Kubina is over, Pavel Kubina is back on ice.
10:51 of 2nd period - Snap shot by Stéphane Yelle.
10:51 of 2nd period - Goal by Stéphane Yelle - Wild : 4 - Jets : 1.
10:51 of 2nd period - Ilya Bryzgalov enters game.
10:52 of 2nd period - Jason Allison wins face-off versus Chris Drury in neutral zone.
10:55 of 2nd period - Slapshot by Dmitri Kalinin.
10:55 of 2nd period - Goal by Dmitri Kalinin - Wild : 4 - Jets : 2.
10:56 of 2nd period - Chris Drury wins face-off versus Jason Allison in neutral zone.
11:50 of 2nd period - Snap shot by Mike Ricci.
11:50 of 2nd period - Shot Misses the Net.
11:52 of 2nd period - Slapshot by Bret Hedican.
11:52 of 2nd period - Deflect By Chris Higgins.
11:52 of 2nd period - Goal by Chris Higgins - Wild : 5 - Jets : 2.
11:53 of 2nd period - Jason Allison wins face-off versus Chris Drury in neutral zone.
11:59 of 2nd period - Minor Penalty to Jason Allison for Hooking.
11:59 of 2nd period - Minor Penalty to Mark Recchi for Slashing.
12:00 of 2nd period - Mike Ricci wins face-off versus Jussi Jokinen in Wild zone.
12:27 of 2nd period - Chris Drury is hit by Dmitri Kalinin and loses puck.
12:51 of 2nd period - Icing by Bret Hedican.
12:52 of 2nd period - Jussi Jokinen wins face-off versus Rod Brind'Amour in Wild zone.
13:59 of 2nd period - Penalty to Jason Allison is over, Jason Allison is back on ice.
13:59 of 2nd period - Penalty to Mark Recchi is over, Mark Recchi is back on ice.
14:16 of 2nd period - Minor Penalty to Dmitri Kalinin for Hooking.
14:17 of 2nd period - Chris Drury wins face-off versus Jason Arnott in Jets zone.
14:20 of 2nd period - Snap shot by Mark Recchi.
14:20 of 2nd period - Goal by Mark Recchi - Wild : 6 - Jets : 2.
14:21 of 2nd period - Chris Drury wins face-off versus Jason Allison in neutral zone.
14:25 of 2nd period - Niklas Kronwall and Fedor Tyutin fight to a draw.
14:25 of 2nd period - Penalty to Niklas Kronwall for Fighting.
14:25 of 2nd period - Penalty to Fedor Tyutin for Fighting.
14:25 of 2nd period - Penalty to Fedor Tyutin for instigated a fight.
14:25 of 2nd period - Penalty to Fedor Tyutin for instigated a fight.
14:26 of 2nd period - Jason Allison wins face-off versus Mark Recchi in Wild zone.
15:55 of 2nd period - Jason Arnott is hit by Jozef Stumpel and loses puck.
16:04 of 2nd period - Wrist shot by Jozef Stumpel.
16:04 of 2nd period - Goal by Jozef Stumpel - Wild : 7 - Jets : 2.
16:05 of 2nd period - Mark Recchi wins face-off versus Jason Allison in neutral zone.
16:18 of 2nd period - Nathan Dempsey is hit by Benoit Pouliot and loses puck.
16:25 of 2nd period - Penalty to Fedor Tyutin is over, Adam Deadmarsh is send on ice.
17:14 of 2nd period - Fredrik Sjostrom is hit by Nathan Dempsey and loses puck.
17:34 of 2nd period - Icing by Dmitri Kalinin.
17:35 of 2nd period - Tuomo Ruutu wins face-off versus Chris Drury in Jets zone.
17:57 of 2nd period - Minor Penalty to Mike Ricci for Holding.
17:58 of 2nd period - Mark Recchi wins face-off versus Jason Allison in Wild zone.
18:07 of 2nd period - Wrist shot by Jason Allison.
18:07 of 2nd period - Deflect By Benoit Pouliot.
18:07 of 2nd period - Shot Misses the Net.
18:07 of 2nd period - Puck is out of play.
18:08 of 2nd period - Mark Recchi wins face-off versus Jason Allison in Wild zone.
18:29 of 2nd period - Wrist shot by Jason Allison.
18:29 of 2nd period - Stopped by Jamie Storr without a rebound.
18:30 of 2nd period - Jason Arnott wins face-off versus Mark Recchi in Wild zone.
18:33 of 2nd period - Slapshot by Adam Burish.
18:33 of 2nd period - Goal by Adam Burish - Wild : 7 - Jets : 3.
18:34 of 2nd period - Chris Drury wins face-off versus Jason Allison in neutral zone.
18:37 of 2nd period - Colin White is hit by Nathan Dempsey.
19:03 of 2nd period - Slapshot by R.J. Umberger.
19:03 of 2nd period - Stopped by Ilya Bryzgalov with a rebound.
19:05 of 2nd period - Backhand shot by Vaclav Prospal.
19:05 of 2nd period - Stopped by Ilya Bryzgalov without a rebound.
19:06 of 2nd period - Jason Arnott wins face-off versus Chris Drury in Jets zone.
19:06 of 2nd period - Jason Arnott is hit by Jozef Stumpel.
19:32 of 2nd period - Jeff Schultz is hit by Chris Higgins.
3rd period
0:01 of 3rd period - Jason Allison wins face-off versus Chris Drury in neutral zone.
0:10 of 3rd period - Slapshot by Colin White.
0:10 of 3rd period - Stopped by Jamie Storr with a rebound.
0:12 of 3rd period - Slapshot by Jason Allison.
0:12 of 3rd period - Stopped by Jamie Storr without a rebound.
0:13 of 3rd period - Jason Allison wins face-off versus Chris Drury in Wild zone.
0:24 of 3rd period - Slapshot by Chris Drury.
0:24 of 3rd period - Stopped by Ilya Bryzgalov without a rebound.
0:25 of 3rd period - Chris Drury wins face-off versus Jason Allison in Jets zone.
1:16 of 3rd period - Snap shot by Benoit Pouliot.
1:16 of 3rd period - Stopped by Jamie Storr without a rebound.
1:17 of 3rd period - Jason Arnott wins face-off versus Vaclav Prospal in Wild zone.
1:22 of 3rd period - Wrist shot by Jason Arnott.
1:22 of 3rd period - Shot Blocked by Danil Markov.
1:28 of 3rd period - Wrist shot by Adam Burish.
1:28 of 3rd period - Shot Misses the Net.
1:30 of 3rd period - Slapshot by Jeff Schultz.
1:30 of 3rd period - Stopped by Jamie Storr with a rebound.
1:32 of 3rd period - Snap shot by Keith Tkachuk.
1:32 of 3rd period - Shot Misses the Net.
2:06 of 3rd period - Slapshot by Dmitri Kalinin.
2:06 of 3rd period - Deflect By Fredrik Sjostrom.
2:06 of 3rd period - Shot Misses the Net.
2:06 of 3rd period - Puck is out of play.
2:07 of 3rd period - Vaclav Prospal wins face-off versus Jason Arnott in Wild zone.
2:15 of 3rd period - Icing by Dmitri Kalinin.
2:16 of 3rd period - Vaclav Prospal wins face-off versus Jason Arnott in Jets zone.
2:25 of 3rd period - Wrist shot by Vaclav Prospal.
2:25 of 3rd period - Stopped by Ilya Bryzgalov with a rebound.
2:27 of 3rd period - Wrist shot by R.J. Umberger.
2:27 of 3rd period - Deflect By Anson Carter.
2:27 of 3rd period - Stopped by Ilya Bryzgalov with a rebound.
2:29 of 3rd period - Slapshot by Anson Carter.
2:29 of 3rd period - Stopped by Ilya Bryzgalov with a rebound.
2:31 of 3rd period - Slapshot by Danil Markov.
2:31 of 3rd period - Stopped by Ilya Bryzgalov without a rebound.
2:32 of 3rd period - Chris Drury wins face-off versus Jason Allison in Jets zone.
2:33 of 3rd period - Snap shot by Jozef Stumpel.
2:33 of 3rd period - Shot Misses the Net.
2:47 of 3rd period - Snap shot by Benoit Pouliot.
2:47 of 3rd period - Shot Blocked by Nathan Dempsey.
3:06 of 3rd period - Backhand shot by Kyle Wellwood.
3:06 of 3rd period - Deflect By Jussi Jokinen.
3:06 of 3rd period - Shot Blocked by Nathan Dempsey.
3:06 of 3rd period - Puck is out of play.
3:07 of 3rd period - Jason Allison wins face-off versus Vaclav Prospal in Wild zone.
3:17 of 3rd period - Wrist shot by Shane Doan.
3:17 of 3rd period - Shot Blocked by Danil Markov.
3:19 of 3rd period - Backhand shot by Benoit Pouliot.
3:19 of 3rd period - Shot Misses the Net.
3:21 of 3rd period - Snap shot by Shane Doan.
3:21 of 3rd period - Goal by Shane Doan - Wild : 7 - Jets : 4.
3:22 of 3rd period - Jason Allison wins face-off versus Chris Drury in neutral zone.
3:36 of 3rd period - Shane Doan is hit by Shane Hnidy and loses puck.
4:25 of 3rd period - 10 Minutes Game Misconduct Penalty to Fedor Tyutin is over.
4:54 of 3rd period - Minor Penalty to Shane Doan for Tripping.
4:55 of 3rd period - Chris Drury wins face-off versus Jason Arnott in Jets zone.
5:13 of 3rd period - Adam Burish is hit by Danil Markov and loses puck.
5:29 of 3rd period - Minor Penalty to Keith Tkachuk for Holding Stick.
5:30 of 3rd period - Kyle Wellwood wins face-off versus Chris Drury in Jets zone.
5:55 of 3rd period - Vaclav Prospal is hit by Jason Allison and loses puck.
6:27 of 3rd period - Icing by Danil Markov.
6:28 of 3rd period - Chris Drury wins face-off versus Jason Allison in Wild zone.
6:33 of 3rd period - Wrist shot by Jason Allison.
6:33 of 3rd period - Goal by Jason Allison - Wild : 7 - Jets : 5.
6:34 of 3rd period - Jozef Stumpel wins face-off versus Kyle Wellwood in neutral zone.
6:43 of 3rd period - Snap shot by Jozef Stumpel.
6:43 of 3rd period - Shot Misses the Net.
6:54 of 3rd period - Penalty to Shane Doan is over, Shane Doan is back on ice.
7:29 of 3rd period - Penalty to Keith Tkachuk is over, Keith Tkachuk is back on ice.
7:42 of 3rd period - Slapshot by Fredrik Sjostrom.
7:42 of 3rd period - Stopped by Jamie Storr without a rebound.
7:43 of 3rd period - Mike Ricci wins face-off versus Tuomo Ruutu in Wild zone.
7:52 of 3rd period - Snap shot by Mike Ricci.
7:52 of 3rd period - Stopped by Ilya Bryzgalov with a rebound.
8:08 of 3rd period - Jason Allison is hit by Vaclav Prospal and loses puck.
8:17 of 3rd period - Wrist shot by R.J. Umberger.
8:17 of 3rd period - Shot Misses the Net.
8:21 of 3rd period - Snap shot by Anson Carter.
8:21 of 3rd period - Shot Misses the Net.
8:33 of 3rd period - Snap shot by Mark Recchi.
8:33 of 3rd period - Stopped by Ilya Bryzgalov without a rebound.
8:34 of 3rd period - Chris Drury wins face-off versus Jason Arnott in Jets zone.
8:53 of 3rd period - Bret Hedican is hit by Dmitri Kalinin and loses puck.
9:12 of 3rd period - Snap shot by Jozef Stumpel.
9:12 of 3rd period - Deflect By Mark Recchi.
9:12 of 3rd period - Stopped by Ilya Bryzgalov without a rebound.
9:13 of 3rd period - Vaclav Prospal wins face-off versus Jason Allison in Jets zone.
9:45 of 3rd period - Slapshot by Willie Mitchell.
9:45 of 3rd period - Shot Misses the Net.
9:50 of 3rd period - Minor Penalty to Stéphane Yelle for Interference.
9:51 of 3rd period - Chris Drury wins face-off versus Jason Allison in Wild zone.
10:22 of 3rd period - Mark Recchi is hit by Adam Burish and loses puck.
10:49 of 3rd period - Keith Tkachuk is hit by Chris Drury.
11:26 of 3rd period - Icing by Niklas Kronwall.
11:27 of 3rd period - Jason Allison wins face-off versus Mark Recchi in Jets zone.
11:50 of 3rd period - Penalty to Stéphane Yelle is over, Stéphane Yelle is back on ice.
12:09 of 3rd period - Snap shot by R.J. Umberger.
12:09 of 3rd period - Stopped by Ilya Bryzgalov with a rebound.
12:25 of 3rd period - Chris Higgins is hit by Tuomo Ruutu.
13:11 of 3rd period - R.J. Umberger is hit by Keith Tkachuk and loses puck.
13:55 of 3rd period - Snap shot by Rod Brind'Amour.
13:55 of 3rd period - Stopped by Ilya Bryzgalov without a rebound.
13:56 of 3rd period - Chris Drury wins face-off versus Jason Arnott in Jets zone.
13:59 of 3rd period - Slapshot by Jozef Stumpel.
13:59 of 3rd period - Goal by Jozef Stumpel - Wild : 8 - Jets : 5.
14:00 of 3rd period - Chris Drury wins face-off versus Jason Allison in neutral zone.
14:40 of 3rd period - Slapshot by Benoit Pouliot.
14:40 of 3rd period - Shot Misses the Net.
14:42 of 3rd period - Wrist shot by Shane Doan.
14:42 of 3rd period - Stopped by Jamie Storr with a rebound.
14:44 of 3rd period - Wrist shot by Benoit Pouliot.
14:44 of 3rd period - Shot Blocked by Fedor Tyutin.
14:46 of 3rd period - Slapshot by Pavel Kubina.
14:46 of 3rd period - Stopped by Jamie Storr without a rebound.
14:47 of 3rd period - Chris Drury wins face-off versus Adam Burish in Wild zone.
15:07 of 3rd period - Minor Penalty to Kyle Wellwood for Interference.
15:08 of 3rd period - Jason Arnott wins face-off versus Chris Drury in Jets zone.
15:24 of 3rd period - Dmitri Kalinin is hit by Jozef Stumpel and loses puck.
15:39 of 3rd period - Slapshot by Nathan Dempsey.
15:39 of 3rd period - Shot Blocked by Colin White.
17:07 of 3rd period - Penalty to Kyle Wellwood is over, Kyle Wellwood is back on ice.
17:20 of 3rd period - Adam Deadmarsh is hit by Shane Doan and loses puck.
17:59 of 3rd period - Icing by Mike Ricci.
18:00 of 3rd period - Kyle Wellwood wins face-off versus Mike Ricci in Wild zone.
18:11 of 3rd period - Martin Erat is hit by Adam Deadmarsh and loses puck.
18:41 of 3rd period - Wrist shot by Jason Allison.
18:41 of 3rd period - Shot Misses the Net.
18:43 of 3rd period - Wrist shot by Keith Tkachuk.
18:43 of 3rd period - Shot Misses the Net.
18:49 of 3rd period - Snap shot by Jason Arnott.
18:49 of 3rd period - Stopped by Jamie Storr with a rebound.
18:51 of 3rd period - Slapshot by Jeff Schultz.
18:51 of 3rd period - Stopped by Jamie Storr with a rebound.
18:53 of 3rd period - Slapshot by Jeff Schultz.
18:53 of 3rd period - Stopped by Jamie Storr with a rebound.
19:02 of 3rd period - Icing by R.J. Umberger.
19:03 of 3rd period - Tuomo Ruutu wins face-off versus Rod Brind'Amour in Wild zone.
19:14 of 3rd period - Wrist shot by Fredrik Sjostrom.
19:14 of 3rd period - Stopped by Jamie Storr without a rebound.
19:15 of 3rd period - Jozef Stumpel wins face-off versus Jason Allison in Wild zone.
19:24 of 3rd period - Wrist shot by Colin White.
19:24 of 3rd period - Stopped by Jamie Storr without a rebound.
19:25 of 3rd period - Jason Allison wins face-off versus Chris Drury in Wild zone.
19:54 of 3rd period - Slapshot by Shane Doan.
19:54 of 3rd period - Stopped by Jamie Storr without a rebound.
19:55 of 3rd period - Vaclav Prospal wins face-off versus Jason Arnott in Wild zone.
Output by the SimonT Hockey Simulator (STHS) for Pascal Landry -- Original Page W3C XHTML 1.0 Valid